 Dungeon Crawl Stone Soup version 0.30-a0-341-g682706514a (webtiles) character file.

Game seed: 3697534875254396371

254 Ijustatesigmund the Firebug (level 5, -2/31 (35) HPs)
             Began as a Demonspawn Fire Elementalist on Nov 5, 2022.
             Slain by Duvessa
             ... wielding a +5 short sword of draining
              (8 damage)
             ... on level 4 of the Dungeon.
             The game lasted 00:07:24 (4119 turns).

Ijustatesigmund the Firebug (DsFE)                  Turns: 4119, Time: 00:07:24

HP:   -2/31 (35)    AC:  3    Str:  8    XL:     5   Next: 91%
MP:   0/9           EV: 12    Int: 18    God:
Gold: 348           SH:  0    Dex: 14    Spells: 5/10 levels left

rFire   . . .      SeeInvis .    d - +0 trident (venom)
rCold   . . .      Faith    .    (no shield)
rNeg    . . .      Spirit   .    a - +0 robe
rPois   .          Reflect  .    (helmet restricted)
rElec   .          Harm     .    t - +0 cloak {Stlth+}
rCorr   .          Rampage  .    (no gloves)
Will    .....                    (no boots)
Stlth   +++.......               (no amulet)
HPRegen 0.25/turn                n - +4 ring of slaying
MPRegen 0.11/turn                (no ring)

@: heavily drained
A: antennae 2, powered by death 1
a: no special abilities


You were on level 4 of the Dungeon.
You visited 1 branch of the dungeon, and saw 4 of its levels.

You collected 348 gold pieces.

Inventory:

Hand Weapons
 d - a +0 trident of venom (weapon)
Armour
 a - a +0 robe (worn)
 o - a +0 buckler
 t - a +0 cloak of stealth (worn)
Jewellery
 g - a ring of fire
 j - a ring of ice
 n - a +4 ring of slaying (left hand)
Wands
 w - a wand of roots (8)
Scrolls
 c - 2 scrolls of silence
 i - 2 scrolls of magic mapping
 l - a scroll of teleportation
 m - 5 scrolls of identify {unknown}
 q - a scroll of enchant armour {unknown}
 r - a scroll of torment {unknown}
 v - a scroll of amnesia
 x - a scroll of immolation {unknown}
 y - a scroll of poison {unknown}
Potions
 b - 2 potions of magic
 e - a potion of might {unknown}
 f - 4 potions of lignification
 h - a potion of flight {unknown}
 k - a potion of curing
 p - a potion of attraction {unknown}
 s - a potion of degeneration {unknown}
 u - a potion of resistance {unknown}


   Skills:
 - Level 1.7 Dodging
 - Level 1.7 Stealth
 + Level 3.1 Spellcasting
 + Level 3.5 Conjurations
 + Level 0.8 Translocations
 + Level 4.2 Fire Magic


You had 5 spell levels left.
You knew the following spells:

 Your Spells              Type           Power      Damage    Failure   Level
a - Foxfire               Conj/Fire      64%        2x1d7     3%          1
b - Scorch                Fire           36%        2d7       4%          2
c - Blink                 Tloc           10%        N/A       17%         2

Your spell library contained the following spells:

 Spells                   Type           Power      Damage    Failure   Level
 Magic Dart               Conj           60%        1d6       3%          1
 Searing Ray              Conj           30%        2d5       5%          2
 Momentum Strike          Conj/Tloc      20%        3d8       10%         2
 Inner Flame              Hex/Fire       10%        N/A       21%         3
 Dazzling Flash           Conj/Hex       18%        N/A       24%         3
 Kindle Blastsparks       Fire/Tloc/Air  16%        2d11      24%         3
 Flame Wave               Conj/Fire      16%        2d7       32%         4
 Lesser Beckoning         Tloc           10%        N/A       34%         3
 Fulminant Prism          Conj/Hex       4%         3d5       61%         4
 Agony                    Necr           2%         N/A       99%         5
 Silence                  Hex/Air        1%         N/A       99%         5


Dungeon Overview and Level Annotations

Branches:
Dungeon (4/15)
 Temple: D:4-7

Altars:
Dithmenos

Annotations:
D:3 2 transporters, choppaz's ghost, amateur DjFE
D:4 Dowan; Duvessa


Innate Abilities, Weirdness & Mutations

You have a pair of antennae on your head.
You regenerate a little health from kills.


Message History

Duvessa struggles to escape constriction.
Casting: Foxfire (safe; 3% risk of failure)
Confirm with . or Enter, or press ? or * to list all spells.
You conjure some foxfire!
The grasping roots constrict Duvessa.
The roots release their grip on Duvessa.
The foxfire hits Duvessa.
Duvessa is heavily wounded.
The foxfire hits Duvessa but does no damage.
Duvessa is heavily wounded.
Casting: Foxfire (safe; 3% risk of failure)
Confirm with . or Enter, or press ? or * to list all spells.
Flames lash Duvessa.
Duvessa is heavily wounded.
Duvessa's fire resistance burns away.
Casting: Scorch (safe; 4% risk of failure)
Confirm with . or Enter, or press ? or * to list all spells.
Flames lash Duvessa.
Duvessa is burned terribly!
Duvessa is almost dead.
Duvessa hits you with a +5 short sword of draining!
You feel drained. Duvessa misses you.
Dowan drinks a potion.
Dowan's spells are empowered!
Casting: Scorch (safe; 4% risk of failure)
Confirm with . or Enter, or press ? or * to list all spells.
Flames lash Duvessa.
Duvessa is burned terribly!
Duvessa is almost dead.
Duvessa hits you with a +5 short sword of draining.
You feel drained. Duvessa misses you.
Casting: Scorch (safe; 4% risk of failure)
Confirm with . or Enter, or press ? or * to list all spells.
Flames lash Duvessa.
Duvessa is burned terribly!
Duvessa is almost dead.
Duvessa hits you with a +5 short sword of draining!
* * * LOW HITPOINT WARNING * * *
You feel drained.
* * * LOW HITPOINT WARNING * * *
Dowan gestures wildly while chanting.
Dowan blinks!
Duvessa hits you with a +5 short sword of draining!
You die...

#............##......#
#.........†..##.......
#............#######..
#............#
#..........†.#
#............#
###########.##
################e#
............§...@#
##################


You could see Duvessa (combustible).

Vanquished Creatures
  Crazy Yiuf (D:3)
  Jessica (D:3)
  Robin (D:4)
  7 adders
  An ufetubus (D:4)
  A worm (D:3)
  A dart slug (D:1)
  An orc (D:4)
  9 ball pythons
  10 endoplasms
  4 giant cockroaches
  18 goblins
  6 hobgoblins
  20 jackals
  7 quokkas
  3 bats
  A frilled lizard (D:3)
  4 kobolds
  7 rats
103 creatures vanquished.

Vanquished Creatures (others)
  158 foxfires
  A fungus (D:3)
159 creatures vanquished.

Grand Total: 262 creatures vanquished

Notes
Turn   | Place    | Note
-------+----------+-------------------------------------------
     0 | D:1      | Ijustatesigmund the Demonspawn Fire Elementalist began the
                  | quest for the Orb.
     0 | D:1      | Reached XP level 1. HP: 13/13 MP: 3/3
   171 | D:1      | Gained mutation: You have a pair of small antennae on your
                  | head. [demonic ancestry]
   171 | D:1      | Reached XP level 2. HP: 12/19 MP: 1/5
   216 | D:1      | Learned a level 2 spell: Scorch
   265 | D:1      | Reached skill level 3 in Fire Magic
   945 | D:1      | Reached XP level 3. HP: 24/24 MP: 4/6
  1673 | D:2      | Gained mutation: You regenerate a little health from kills.
                  | [demonic ancestry]
  1673 | D:2      | Reached XP level 4. HP: 18/30 MP: 3/7
  1888 | D:2      | Found a shadowy altar of Dithmenos.
  2231 | D:3      | Noticed Jessica
  2237 | D:3      | Killed Jessica
  2315 | D:3      | Found a transporter.
  2319 | D:3      | Noticed choppaz's ghost (amateur DjFE)
  2718 | D:3      | Found a transporter.
  2952 | D:3      | Gained mutation: You have a pair of antennae on your head.
                  | [demonic ancestry]
  2952 | D:3      | Reached XP level 5. HP: 35/35 MP: 9/9
  3264 | D:3      | Found a runed translucent door.
  3265 | D:3      | Noticed Crazy Yiuf
  3274 | D:3      | Killed Crazy Yiuf
  3275 | D:3      | Reached skill level 4 in Fire Magic
  3613 | D:4      | Learned a level 2 spell: Blink
  3733 | D:4      | Noticed Robin
  3745 | D:4      | Killed Robin
  4091 | D:4      | Noticed Duvessa
  4093 | D:4      | Noticed Dowan
  4119 | D:4      | Slain by Duvessa

Illustrated notes

Levels and vault maps discovered:
D:1:      heliophobic_arrival_battle_scene, layout_basic, serial_glass,
          glass_columns_b, glass_columns_a
D:2:      layout_basic, basic_altar
D:3:      layout_loops_corners, amcnicky_altar_gilded,
          gammafunk_ghost_stat_death, uniq_crazy_yiuf_cottage, uniq_jessica
D:4:      layout_basic, uniq_robin, uniq_duvessa

Skill      XL: |  1  2  3  4  5 |
---------------+----------------+-----
Fire Magic     | 3 4 |  4.2
Conjurations   | 2 3 |  3.5
Spellcasting   | 3 |  3.1
Dodging        | |  1.7
Stealth        | |  1.7
Translocations | |  0.8

Action                   |  1- 3 |  4- 6 || total
-------------------------+-------+-------++-------
Melee: Spear             |     4 |       ||     4
       Trident           |    10 |   103 ||   113
       Punch             |       |     1 ||     1
 Cast: Foxfire           |    57 |    35 ||    92
       Scorch            |     1 |     9 ||    10
Evoke: Wand              |       |     2 ||     2
  Use: Scroll            |     6 |       ||     6
       Potion            |       |     2 ||     2
 Stab: Sleeping          |       |     8 ||     8
Armor: Robe              |    11 |    19 ||    30
       Skin              |       |    15 ||    15
Dodge: Dodged            |    34 |    64 ||    98

Table legend: (Time is in decaauts)
 A = Elapsed time spent in this place.
 B = Non-inter-level travel time spent in this place.
 C = Inter-level travel time spent in this place.
 D = Time resting spent in this place.
 E = Time spent auto-exploring this place.
 F = Levels seen in this place.
 G = Mean time per level.
                   A        B        C        D        E       F      G
               +--------+--------+--------+--------+--------+-----+--------+
         Total |   4151 |   4055 |     96 |    398 |   2926 |   4 | 1037.8 |
       Dungeon |   4151 |   4055 |     96 |    398 |   2926 |   4 | 1037.8 |
               +--------+--------+--------+--------+--------+-----+--------+

Top non-repeatable levels by time:
     D:1: 1369 daAuts
     D:3: 1142 daAuts
     D:2: 863 daAuts
     D:4: 775 daAuts
